AoeStats
← Yaguar

Marketplace

505256307Analyzed
1v1 RM · 23d ago on Sep 8, 2026· 40m 0s· 2 players
Game mode
Random Map
Map size
Tiny (2 player)
Population
200
Speed
Normal
Resources
Standard
Victory
Conquest
Starting age
Dark Age
Ending age
Imperial Age
RankedLock teamsTeams togetherTeam positionsShared explorationLock speedFull tech treeHidden civsTurbo modeCheats
Victory
Defeat
🇩🇪 Sicilians · Germany
1535
+16
🇩🇪 Turks · Germany
1532
-16
Yaguar
6:20 Loom
8:59 Feudal Age
9:48 Double-Bit Axe
13:01 Horse Collar
17:03 Forging
19:40 Wheelbarrow
22:28 Castle Age
20:55 Scale Barding Armor
22:49 Bloodlines
22:34 Gold Mining
23:43 Husbandry
25:00 Padded Archer Armor
31:13 Sanctity
30:57 Town Watch
32:43 Fletching
38:35 Imperial Age
36:29 Leather Archer Armor
36:12 Bodkin Arrow
37:12 Chain Barding Armor
stephug
8:50 Feudal Age
9:42 Loom
9:47 Double-Bit Axe
13:14 Horse Collar
16:09 Wheelbarrow
18:24 Scale Mail Armor
21:05 Castle Age
23:13 Bow Saw
23:34 Heavy Plow
23:36 Pikeman
25:45 Chain Mail Armor
32:27 Imperial Age
30:15 Hand Cart
30:56 Stone Mining
31:01 Gold Mining
31:28 Crossbowman
32:01 Fletching
32:57 Bodkin Arrow
33:44 Town Watch
34:02 Bracer
34:01 Capped Ram
36:36 Chemistry
35:55 Padded Archer Armor
36:34 Ballistics
37:08 Halberdier
38:19 Arbalester
Connection lost

Rejoining the realm…

Still unreachable

The connection could not be restored.

Session expired

The server has moved on; the page needs a fresh start.